 Dungeon Crawl Stone Soup version 0.18-a0-329-g5b4d444 (webtiles) character file.

65 Proton the Skirmisher (level 4, -6/42 HPs)
             Began as a Naga Fighter on Nov 28, 2015.
             Mangled by a gnoll
             ... wielding a +0 halberd
              (10 damage)
             ... on level 2 of the Dungeon.
             The game lasted 00:03:16 (1183 turns).

Proton the Skirmisher (Naga Fighter)                Turns: 1183, Time: 00:03:16

Health: -6/42      AC:  5    Str: 19    XL:     4   Next: 14%
Magic:  4/4        EV:  8    Int:  8    God:
Gold:   45         SH:  0    Dex: 11    Spells: 0 memorised, 3 levels left

rFire  . . .     SeeInvis +     a - +0 war axe
rCold  . . .     Clarity  .     b - +0 scale mail
rNeg   . . .     SustAt   .     (no shield)
rPois  +         Gourm    .     (no helmet)
rElec  .         Spirit   .     (no cloak)
rCorr  .         Warding  .     (no gloves)
rMut   .         Stasis   .     (no barding)
MR     .....                    (no amulet)
Stlth  ..........               (no ring)
                                h - ring of wizardry

@: very slow, not resistant to hostile enchantments, extremely unstealthy
A: see invisible, deformed body, poison resistance, slowness 2, slow metabolism
1, spit poison 2, AC +1
a: Spit Poison


You were on level 2 of the Dungeon.
You were hungry.

You visited 1 branch of the dungeon, and saw 2 of its levels.

You collected 45 gold pieces.

Inventory:

Hand Weapons
 a - a +0 war axe (weapon)
Armour
 b - a +0 scale mail (worn)
Jewellery
 h - a ring of wizardry (left hand)
 p - an uncursed amulet of the gourmand {unknown}
Scrolls
 c - a scroll of teleportation {unknown}
 g - a scroll of enchant armour {unknown}
 j - 2 scrolls of magic mapping {unknown}
 m - a scroll of noise {unknown}
 n - 3 scrolls of identify {unknown}
 o - a scroll of enchant weapon {unknown}
Potions
 d - a potion of might
 i - a potion of lignification {unknown}
 k - a potion of curing {unknown}
 l - a potion of agility {unknown}
Comestibles
 e - 2 bread rations
 f - a beef jerky


   Skills:
 + Level 3.3 Fighting
 + Level 2.6 Axes
 + Level 2.8 Armour
 + Level 1.1 Dodging
   Level 2.7 Shields


You had 3 spell levels left.
You didn't know any spells.

Dungeon Overview and Level Annotations

Branches:
Dungeon (2/15)

Altars:


Innate Abilities, Weirdness & Mutations

You cannot wear boots.
Your serpentine skin is tough (AC +1).
You have supernaturally acute eyesight.
Armour fits poorly on your strangely shaped body.
Your system is resistant to poisons.
You cover ground very slowly.
You have a slow metabolism.
You can spit poison.


Message History

You barely miss the gnoll. The gnoll barely misses you.
The gnoll hits you from afar with a spear.
You hit the gnoll.
The gnoll is lightly wounded.
The gnoll hits you. The gnoll hits you but does no damage.
The gnoll barely misses you. The gnoll hits you but does no damage.
You slash the gnoll!
The gnoll is severely wounded.
The gnoll barely misses you.
The gnoll hits you from afar with a halberd!
The gnoll hits you.
* * * LOW HITPOINT WARNING * * *
The gnoll hits you from afar with a spear.
* * * LOW HITPOINT WARNING * * *
You hit the gnoll.
You kill the gnoll!
You have reached level 4!
You feel agile.
The gnoll hits you from afar with a halberd!
You die...

#.# .. #.##### . ...
#...... .. #.# #..####
#. #.########..#...
##.. ............#.##
.....####.########..#.#
.....g....# #.(#.#
[....g.@..# #..#.#
..........### #..#.##
...>......(.## #..#.).
..........#..# #.†####
..........##.# #....(.
..........##.# #.#....
..##.####.##.# #.#....
.. #. #+##.# #.#.... #
#.## #.#....


You could see 2 gnolls.

Vanquished Creatures
  A gnoll (D:2)
  An adder (D:2)
  2 worms (D:2)
  A giant cockroach (D:1)
  6 hobgoblins
  9 bats
  3 giant geckos
  2 giant newts (D:1)
  7 goblins
  2 kobolds
  4 rats (D:1)
38 creatures vanquished.

Notes
Turn   | Place    | Note
--------------------------------------------------------------
     0 | D:1      | Proton the Naga Fighter began the quest for the Orb.
     0 | D:1      | Reached XP level 1. HP: 21/21 MP: 1/1
   414 | D:1      | Reached XP level 2. HP: 28/28 MP: 2/2
   693 | D:1      | Reached XP level 3. HP: 32/34 MP: 3/3
  1025 | D:2      | Reached skill level 1 in Dodging
  1183 | D:2      | Reached XP level 4. HP: 4/42 MP: 4/4
  1183 | D:2      | Mangled by a gnoll

Vault maps used:
D:1:      dpeg_cavernosity

Action                   |  1- 3 |  4- 6 || total
-------------------------+-------+-------++-------
Melee: War axe           |   136 |       ||   136
